 Dungeon Crawl Stone Soup version 0.17-a0-1951-g62301d3 (webtiles) character file.

183010 4thArraOfDagon the Severer (level 17, -17/168 HPs)
             Began as a Deep Dwarf Berserker on Oct 2, 2015.
             Was a High Priest of Trog.
             Demolished by an azure jelly (40 damage)
             ... created by the royal jelly
             ... on level 6 of the Pits of Slime.
             The game lasted 01:07:37 (9010 turns).

4thArraOfDagon the Severer (Deep Dwarf Berserker)   Turns: 9010, Time: 01:07:37

Health: -17/168    AC: 10    Str: 33    XL:     17   Next: 7%
Magic:  26/26      EV: 15    Int: 18    God:    Trog [*****.]
Gold:   690        SH:  0    Dex: 14    Spells: 0 memorised, 16 levels left

rFire  + . .     SeeInvis .     J - +4 battleaxe "Urewo" {vamp, rElec rF+ MP-9 Int+4}
rCold  . . .     Clarity  .     m - +8 plate armour
rNeg   + . .     SustAt   .     (no shield)
rPois  +         Gourm    .     C - +0 hat {Int+3}
rElec  +         Spirit   .     v - +2 cloak {rPois}
rCorr  +         Warding  .     (no gloves)
rMut   .         Stasis   .     U - +0 pair of boots
MR     ++++.                    O - amulet of resist corrosion
Stlth  ..........               N - ring of Dishonour {rElec MP+9 Str+3 Dex-3 Slay+5}
                                e - +3 ring of slaying

@: mighty, agile, exhausted, corroded equipment, non-regenerating, slowed, very
slow, incredibly resistant to hostile enchantments, extremely unstealthy
A: damage resistance, recharge devices, negative energy resistance 1, sense
surroundings 2, slow healing 3
a: Device Recharging, Burn Spellbooks, Berserk, Trog's Hand, Brothers in Arms,
Renounce Religion
}: 2/15 runes: barnacled, gossamer


You were on level 6 of the Pits of Slime.
You worshipped Trog.
Trog was extremely pleased with you.
You were near starving.

You visited 7 branches of the dungeon, and saw 37 of its levels.
You also visited: Labyrinth and Bailey.

You collected 2137 gold pieces.
You spent 1447 gold pieces at shops.

Inventory:

Hand weapons
 z - a +9 executioner's axe of draining
 J - the +4 battleaxe "Urewo" (weapon) {vamp, rElec rF+ MP-9 Int+4}
   (You bought it in a shop on level 2 of the Orcish Mines)

   It inflicts no extra harm, but heals its wielder somewhat when it strikes a
   living foe.
   It affects your intelligence (+4).
   It protects you from fire.
   It insulates you from electricity.
   It affects your magic capacity (-9).
Missiles
 o - 4 throwing nets (quivered)
Armour
 m - a +8 plate armour (worn)
 v - a +2 cloak of poison resistance (worn)
 C - a +0 hat of intelligence (worn)
 U - a +0 pair of boots (worn)
Jewellery
 e - a +3 ring of slaying (left hand)
 j - an uncursed ring of fire
 p - an uncursed amulet of resist mutation
 u - a +5 ring of evasion
 B - an uncursed ring of protection from cold
 G - an uncursed ring of positive energy
 N - the ring of Dishonour (right hand) {rElec MP+9 Str+3 Dex-3 Slay+5}
   (You bought it in a shop on level 5 of the Dungeon)

   [ring of dexterity]

   It affects your strength (+3).
   It affects your dexterity (-3).
   It affects your accuracy and damage with ranged weapons and melee attacks
   (+5).
   It insulates you from electricity.
   It affects your magic capacity (+9).
 O - an amulet of resist corrosion (around neck)
Magical devices
 c - a wand of heal wounds (5)
 k - a wand of digging (9)
 t - a wand of enslavement (7)
 H - a wand of disintegration (6)
 M - a wand of polymorph (4)
 T - a wand of disintegration (7)
 V - a wand of confusion (15)
 W - a wand of draining (4)
Scrolls
 a - 2 scrolls of recharging
 f - 4 scrolls of teleportation
 g - a scroll of magic mapping
 i - 3 scrolls of blinking
 s - a scroll of noise
 A - 4 scrolls of remove curse
 E - 2 scrolls of fog
Potions
 h - 3 potions of ambrosia
 w - 3 potions of lignification
 x - 2 potions of curing
 F - a potion of resistance {unknown}
 I - a potion of magic
 L - a potion of haste
Books
 y - a book of Envenomations

   Spells                             Type                      Level
   a - Spider Form                    Transmutation/Poison         3
   b - Alistair's Intoxication        Transmutation/Poison         4
   c - Olgreb's Toxic Radiance        Poison                       4
   d - Poisonous Cloud                Conjuration/Poison/Air       6
   Trog disapproves of the use of such an item.
 Q - a book of Minor Magic

   Spells                             Type                      Level
   a - Magic Dart                     Conjuration                  1
   b - Blink                          Translocation                2
   c - Call Imp                       Summoning                    2
   d - Repel Missiles                 Charms/Air                   2
   e - Slow                           Hexes                        2
   f - Conjure Flame                  Conjuration/Fire             3
   g - Mephitic Cloud                 Conjuration/Poison/Air       3
   Trog disapproves of the use of such an item.
 R - the Papyrus of Bewitchment and Contamination
   (You found it in a labyrinth)

   Spells                             Type                      Level
   a - Corona                         Hexes                        1
   b - Spectral Weapon                Hexes/Charms                 3
   c - Olgreb's Toxic Radiance        Poison                       4
   d - Poisonous Cloud                Conjuration/Poison/Air       6
   e - Mass Confusion                 Hexes                        6
   Trog disapproves of the use of such an item.
 Y - a book of Transfigurations

   Spells                             Type                      Level
   a - Stoneskin                      Transmutation/Earth          2
   b - Irradiate                      Conjuration/Transmutation    5
   c - Statue Form                    Transmutation/Earth          6
   d - Hydra Form                     Transmutation                6
   e - Dragon Form                    Transmutation                7
   Trog disapproves of the use of such an item.
 Z - a book of the Warp

   Spells                             Type                      Level
   a - Recall                         Summoning/Translocation      3
   b - Gell's Gravitas                Hexes/Translocation          3
   c - Force Lance                    Conjuration/Translocation    4
   d - Phase Shift                    Translocation                5
   e - Warp Weapon                    Charms/Translocation         5
   f - Summon Forest                  Summoning/Translocation      5
   Trog disapproves of the use of such an item.
Miscellaneous
 n - a plain deck of summoning {drawn: 1}
 r - a phantom mirror
 X - a plain deck of summoning {drawn: 2}
Comestibles
 d - 7 bread rations
 D - 13 royal jellies
 P - 6 meat rations


   Skills:
 + Level 14.6 Fighting
 - Level 20.4 Axes
 + Level 16.3 Armour
 - Level 2.1 Dodging
 + Level 12.3 Evocations


You had 16 spell levels left.
You didn't know any spells.

Dungeon Overview and Level Annotations

Branches:
Dungeon (10/15)              Lair (8/8) D:9          Shoals (4/4) Lair:3
 Spider (4/4) Lair:6        Slime (6/6) Lair:7          Orc (4/4) D:9
    Elf (1/3) Orc:3
 Temple: D:4-7

Altars:
Cheibriados
Fedhas
Makhleb
Nemelex Xobeh
Okawaru
Sif Muna
Xom
Yredelemnul
Zin
The Shining One
Beogh
Jiyva

Shops:
D:5 *=   Orc:1 [   Orc:2 *   Orc:4 *%}

Portals:
Hell: Lair:8

Annotations:
D:6 Prince Ribbit
D:9 exclusion: obsidian statue
Shoals:4 1 runed door
Slime:6 Royal Jelly


Innate Abilities, Weirdness & Mutations

You are resistant to damage.
You can recharge devices by infusing magical energy.
You resist negative energy.
You passively map the area around you.
You do not heal naturally.


Message History

The azure jelly hits you but does no damage.
The azure jelly barely misses you. x2
The azure jelly hits you.
* * * LOW HITPOINT WARNING * * *
Unknown command.
Unknown command.
Unknown command.
Evoke which item? (* to show all) (? for menu, Esc to quit)
Zapping:
c - a wand of heal wounds (6)
Press: ? - help, Shift-Dir - straight line, f - you You feel much better.
This wand has 5 charges left.
The azure jelly hits you!
* * * LOW HITPOINT WARNING * * *
The azure jelly freezes you!!
* * * LOW HITPOINT WARNING * * *
The azure jelly misses you. x2
The azure jelly hits you but does no damage.
The azure jelly hits you.
* * * LOW HITPOINT WARNING * * *
The azure jelly freezes you!!!
You die...

................ ,
,
,................
,,, ,,
,................
,, ,
,,...............,
, , ,,
....###..####.. ,,
, , ...# ##.# **#.
, , , , .## #..# ,
, , **,, #.## * ,
, , , #@.# ,, * ,,
, , ,** ,,##J# , ,
, , , * , #.G# ,
,, , * , #.## *, *
, * #J * * , ,


*JG , ,*,,,, , , ,, ...,, *,, ** , , , * ##. , , * ,* #.* ,* *, , , You could
see an azure jelly and an eye of devastation.

Vanquished Creatures
  9 acid blobs
  Gastronok (Orc:1)
  Ilsuiw (Shoals:4)
  2 azure jellies
  5 emperor scorpions (Spider:4)
  3 ghost moths (Spider:4)
  An orc warlord (Orc:4)
  The ghost of Alipheese the Carver, a powerful NaBe of Trog (Lair:6)
  A deep elf demonologist (Elf:1)
  4 merfolk javelineers (Shoals:4)
  A minotaur (Lab)
  3 great orbs of eyes
  4 hydras
  Harold (Orc:1)
  6 merfolk aquamancers
  The ghost of 4thArraOfDagon the Cleaver, an experienced NaBe of Trog (Lair:5)
  A merfolk avatar (Shoals:1)
  An alligator snapping turtle (Shoals:1)
  10 death yaks
  2 orc high priests (Orc:4)
  2 satyrs
  A sun demon (Lair:8)
  11 sea snakes
  3 fire crabs
  3 deep elf summoners (Elf:1)
  A wizard (Lair:8)
  28 harpies
  5 orc knights
  6 orc sorcerers (Orc:4)
  2 griffons
  3 water nymphs
  5 manticores
  9 fauns
  2 shining eyes
  4 hornets
  13 wolf spiders (Spider:4)
  A sixfirhy (Lair:8)
  An elephant (Lair:7)
  5 sirens
  2 cyclopes
  4 black mambas
  A centaur zombie (D:10)
  Psyche (D:8)
  A torpor snail (Lair:4)
  2 orange demons (Lair:8)
  3 fire drakes
  A smoke demon (Lair:8)
  2 eyes of devastation
  A centaur skeleton (D:9)
  2 komodo dragons
  5 spiny frogs
  4 red devils (Lair:8)
  5 jumping spiders
  3 blue devils (Lair:8)
  2 queen bees
  4 trolls
  11 demonic crawlers
  A polar bear (Lair:8)
  10 merfolk
  5 two-headed ogres (Orc:4)
  10 blink frogs
  A boulder beetle (Lair:8)
  A deep elf mage (Elf:1)
  8 snapping turtles
  A raiju (Spider:4)
  5 trapdoor spiders
  21 slime creatures
  17 tarantellas
  14 redbacks
  12 water elementals
  15 yaks
  5 hippogriffs
  A wyvern (D:8)
  4 hungry ghosts (Lab)
  14 golden eyes
  A fire elemental (Lair:6)
  A basilisk (Lair:3)
  7 wolves
  4 wargs
  6 porcupines
  5 water moccasins
  Duvessa (D:6)
  A hell hound (Lair:8)
  A necrophage (D:9)
  30 spiders
  5 wasps (Spider:4)
  An ice beast (D:9)
  21 ogres
  6 centaurs
  52 orc warriors
  An eye of draining (Slime:4)
  9 giant frogs
  5 crocodiles
  Dowan (D:6)
  A scorpion (D:6)
  24 killer bees (Orc:1)
  An electric eel (Lair:7)
  3 crimson imps
  7 jellies
  4 hounds
  3 iguanas
  20 orc priests
  7 hell rats
  26 orc wizards
  A killer bee zombie (D:8)
  5 worker ants
  2 sheep (Shoals:1)
  A hound zombie (D:7)
  A hound skeleton (D:10)
  6 river rats
  7 adders
  A worker ant zombie (D:6)
  2 oozes
  An adder skeleton (D:9)
  A giant gecko (D:10)
  269 orcs
  4 giant cockroaches
  13 goblins
  4 hobgoblins
  8 jackals
  2 kobolds (D:2)
  3 quokkas (D:9)
  3 bats
  A giant newt (D:2)
  4 rats
  8 plants
963 creatures vanquished.

Vanquished Creatures (collateral kills)
  2 acid blobs (Slime:6)
  An azure jelly (Slime:6)
  Aizul (Shoals:4)
  A catoblepas (Lair:8)
  A merfolk avatar (Shoals:4)
  An orc knight (Orc:1)
  2 spiny frogs
  A merfolk (Shoals:4)
  A blink frog (Lair:8)
  3 yaks (Lair:4)
  3 orc warriors (Bailey)
  A giant frog (Lair:4)
  A jelly (Slime:6)
  2 river rats (Lair:4)
  An orc (Orc:1)
22 creatures vanquished.

Vanquished Creatures (others)
  An orb spider (Spider:4)
  2 orc knights (Bailey)
  A wolf (Lair:7)
  A wasp (Spider:4)
  A giant frog (Lair:7)
  An orc (Orc:1)
  6 fungi (Lair:8)
  17 plants
30 creatures vanquished.

Grand Total: 1015 creatures vanquished

Notes
Turn   | Place    | Note
--------------------------------------------------------------
     0 | D:1      | 4thArraOfDagon the Deep Dwarf Berserker began the quest for the Orb.
     0 | D:1      | Reached XP level 1. HP: 20/20 MP: 1/1
   150 | D:2      | Reached XP level 2. HP: 25/27 MP: 2/2
   186 | D:2      | Found a snail-covered altar of Cheibriados.
   213 | D:2      | Reached skill level 4 in Axes
   222 | D:2      | Acquired Trog's second power
   239 | D:2      | Found a blossoming altar of Fedhas.
   274 | D:2      | Found a glowing golden altar of the Shining One.
   276 | D:2      | Noticed an angel
   308 | D:2      | Reached XP level 3. HP: 24/33 MP: 3/3
   332 | D:2      | Found a basalt altar of Yredelemnul.
   417 | D:3      | Found a deep blue altar of Sif Muna.
   661 | D:4      | Reached XP level 4. HP: 34/42 MP: 4/4
   666 | D:4      | Reached skill level 5 in Axes
   686 | D:4      | Reached XP level 5. HP: 23/49 MP: 5/5
   725 | D:5      | Entered Level 5 of the Dungeon
   735 | D:5      | Found Gozag's Platinum Reserve.
   765 | D:4      | Noticed an ogre
   773 | D:4      | Killed an ogre
   776 | D:4      | Reached XP level 6. HP: 48/57 MP: 6/6
   786 | D:4      | Found a sparkling altar of Nemelex Xobeh.
   872 | D:5      | Found a burning altar of Makhleb.
   885 | D:6      | Noticed Duvessa
   885 | D:6      | Noticed Dowan
   895 | D:6      | Reached skill level 6 in Axes
   895 | D:6      | Reached skill level 1 in Evocations
   896 | D:6      | Killed Duvessa
   899 | D:6      | Reached XP level 7. HP: 63/64 MP: 8/8
   903 | D:6      | Killed Dowan
   977 | D:6      | Reached skill level 7 in Axes
  1009 | D:6      | Noticed Prince Ribbit
  1056 | D:7      | Reached skill level 5 in Armour
  1056 | D:7      | Reached XP level 8. HP: 73/73 MP: 10/10
  1162 | D:6      | Reached skill level 5 in Fighting
  1165 | D:6      | Reached skill level 8 in Axes
  1187 | D:5      | Found Ynashrohi's Jewellery Shoppe.
  1297 | D:8      | Reached skill level 5 in Evocations
  1364 | D:8      | You fall through a shaft for 2 floors!
  1364 | D:10     | Entered Level 10 of the Dungeon
  1364 | D:10     | Noticed a centaur zombie
  1385 | D:10     | Killed a centaur zombie
  1385 | D:10     | Reached skill level 9 in Axes
  1385 | D:10     | Gained mutation: You passively map the area around you. [Deep Dwarf growth]
  1385 | D:10     | Reached XP level 9. HP: 65/82 MP: 13/13
  1421 | D:10     | Gained mutation: You have a somewhat thin skeletal structure (Dex +2, Stealth). [potion of mutation]
  1421 | D:10     | Gained mutation: Your magical capacity is low (-10% MP). [potion of mutation]
  1421 | D:10     | Gained mutation: You have a pair of small antennae on your head. [potion of mutation]
  1457 | D:9      | Found a staircase to the Lair.
  1507 | D:9      | Noticed an angel
  1507 | D:9      | Found a shimmering altar of Xom.
  1507 | D:9      | Found a glowing silver altar of Zin.
  1543 | D:9      | Noticed an obsidian statue
  1625 | D:9      | Acquired Trog's third power
  1653 | D:9      | Found a staircase to the Orcish Mines.
  1655 | D:9      | Noticed a centaur skeleton
  1663 | D:9      | Reached skill level 10 in Axes
  1666 | D:9      | Killed a centaur skeleton
  1736 | Orc:1    | Entered Level 1 of the Orcish Mines
  1736 | Orc:1    | Found Bydure's Antique Armour Emporium.
  1806 | Orc:1    | Found an iron altar of Okawaru.
  1807 | Orc:1    | Noticed Harold
  1810 | Orc:1    | Noticed an orc knight
  1815 | Orc:1    | Killed an orc knight
  1815 | Orc:1    | Reached XP level 10. HP: 56/92 MP: 14/14
  1822 | Orc:1    | Killed Harold
  1822 | Orc:1    | Reached skill level 11 in Axes
  1970 | Orc:1    | Noticed Gastronok
  1992 | Orc:1    | Killed Gastronok
  1992 | Orc:1    | Reached skill level 12 in Axes
  2131 | Orc:1    | Reached XP level 11. HP: 82/103 MP: 15/15
  2273 | Orc:3    | Received a gift from Trog
  2298 | Orc:3    | Found a flagged portal.
  2309 | Bailey   | Entered a bailey
  2869 | Orc:3    | Received a gift from Trog
  2873 | Orc:3    | Reached skill level 13 in Axes
  2900 | Orc:3    | Found a staircase to the Elven Halls.
  2980 | Orc:2    | Found Jylov's Assorted Antiques.
  3022 | Orc:2    | Bought a red potion for 21 gold pieces
  3022 | Orc:2    | Bought a lumpy purple potion for 21 gold pieces
  3022 | Orc:2    | Bought a pitted battleaxe for 276 gold pieces
  3022 | Orc:2    | Bought a scroll labeled WILEC WIHY for 24 gold pieces
  3022 | Orc:2    | Bought a potion of might for 96 gold pieces
  3034 | Orc:2    | Identified the +4 battleaxe "Urewo" {vamp, rElec rF+ MP-9 Int+4} (You bought it in a shop on level 2 of the Orcish Mines)
  3118 | Orc:4    | Entered Level 4 of the Orcish Mines
  3216 | Orc:4    | Received a gift from Trog
  3326 | Orc:4    | Reached skill level 14 in Axes
  3482 | Orc:4    | Noticed a sun demon
  3487 | Orc:4    | Reached skill level 10 in Armour
  3490 | Orc:4    | Noticed a soul eater
  3491 | Orc:4    | Received a gift from Trog
  3494 | Orc:4    | Reached XP level 12. HP: 114/114 MP: 6/15
  3589 | Orc:4    | Noticed an orc warlord
  3614 | Orc:4    | Killed an orc warlord
  3635 | Orc:4    | Found a roughly hewn altar of Beogh.
  3706 | Orc:4    | Noticed an orc high priest
  3727 | Orc:4    | Killed an orc high priest
  3727 | Orc:4    | Reached skill level 15 in Axes
  3740 | Orc:4    | Found Aniulor's Antique Weapon Shop.
  3770 | Orc:4    | Found Koryugag's Assorted Antiques.
  3770 | Orc:4    | Noticed an orc high priest
  3784 | Orc:4    | Killed an orc high priest
  3793 | Orc:4    | Bought a scroll of identify for 54 gold pieces
  3793 | Orc:4    | Bought a fuming yellow potion for 24 gold pieces
  3824 | Orc:4    | Received a gift from Trog
  3925 | Orc:4    | Found a roughly hewn altar of Beogh.
  3967 | Orc:4    | Reached skill level 10 in Fighting
  4050 | Orc:4    | Found Jinofiogh's Gadget Boutique.
  4069 | Orc:4    | Found Igoffoiz's Food Shop.
  4073 | Orc:4    | Received a gift from Trog
  4087 | Orc:4    | Bought a wand of disintegration (8) for 180 gold pieces
  4125 | Elf:1    | Entered Level 1 of the Elven Halls
  4163 | Elf:1    | Noticed a deep elf demonologist
  4184 | Elf:1    | Killed a deep elf demonologist
  4184 | Elf:1    | Reached skill level 16 in Axes
  4316 | D:8      | Noticed Psyche
  4324 | D:8      | Killed Psyche
  4381 | D:5      | Bought the cursed ring of Dishonour {rElec MP+9 Str+3 Dex-3 Slay+5} for 491 gold pieces
  4381 | D:5      | Bought an uncursed amulet of resist corrosion for 260 gold pieces
  4465 | Lair:1   | Entered Level 1 of the Lair of Beasts
  4476 | Lair:1   | Reached XP level 13. HP: 118/124 MP: 16/16
  4751 | Lair:3   | Found a labyrinth entrance.
  4762 | Lab      | Entered a labyrinth
  4965 | Lab      | Got a crude jade amulet
  4972 | Lab      | Identified the amulet "Fojioc" {Spirit *Corrode +Fly rElec Int+4} (You found it in a labyrinth)
  4977 | Lab      | Identified the Papyrus of Bewitchment and Contamination (You found it in a labyrinth)
  5017 | Lair:3   | Found a staircase to the Shoals.
  5027 | Shoals:1 | Entered Level 1 of the Shoals
  5251 | Shoals:3 | Reached skill level 17 in Axes
  5371 | Shoals:4 | Entered Level 4 of the Shoals
  5494 | Shoals:3 | Gained mutation: You resist negative energy. [Deep Dwarf growth]
  5494 | Shoals:3 | Reached XP level 14. HP: 124/135 MP: 17/17
  5523 | Shoals:4 | Noticed Aizul
  5536 | Shoals:4 | Killed Aizul
  5541 | Shoals:4 | Reached skill level 18 in Axes
  5882 | Shoals:4 | Found a runed door.
  5948 | Shoals:4 | Noticed Ilsuiw
  5962 | Shoals:4 | Killed Ilsuiw
  6271 | Shoals:4 | Reached skill level 19 in Axes
  6334 | Shoals:4 | Got a barnacled rune of Zot
  6409 | Shoals:4 | Reached XP level 15. HP: 146/146 MP: 18/18
  6990 | Lair:8   | Entered Level 8 of the Lair of Beasts
  7041 | Lair:8   | Got a shimmering golden amulet
  7089 | Lair:8   | Identified the amulet of Light {MR+ Regen+} (You found it on level 8 of the Lair of Beasts)
  7199 | Lair:8   | Found a burning altar of Makhleb.
  7209 | Lair:8   | Found a gateway to Hell.
  7497 | Lair:4   | Received a gift from Trog
  7526 | Lair:4   | Reached skill level 20 in Axes
  7654 | Lair:5   | Noticed 4thArraOfDagon's ghost (experienced NaBe)
  7670 | Lair:5   | Killed 4thArraOfDagon's ghost
  7710 | Lair:6   | Noticed Alipheese's ghost (powerful NaBe)
  7727 | Lair:6   | Killed Alipheese's ghost
  7736 | Lair:6   | Found a hole to the Spider Nest.
  7753 | Spider:1 | Entered Level 1 of the Spider Nest
  7890 | Spider:4 | Entered Level 4 of the Spider Nest
  8048 | Spider:4 | Received a gift from Trog
  8068 | Spider:4 | Reached XP level 16. HP: 157/157 MP: 19/19
  8187 | Spider:4 | Reached skill level 15 in Armour
  8400 | Spider:4 | Reached skill level 10 in Evocations
  8461 | Spider:4 | Got a gossamer rune of Zot
  8635 | Lair:7   | Received a gift from Trog
  8684 | Lair:7   | Found a staircase to the Slime Pits.
  8706 | Slime:1  | Entered Level 1 of the Pits of Slime
  8709 | Slime:1  | Gained mutation: You are dopey. (Int -2) [a shining eye]
  8727 | Slime:2  | Noticed an acid blob
  8734 | Slime:2  | Killed an acid blob
  8775 | Slime:4  | Noticed an acid blob
  8787 | Slime:4  | Killed an acid blob
  8812 | Slime:5  | Noticed an acid blob
  8831 | Slime:5  | Killed an acid blob
  8847 | Slime:6  | Entered Level 6 of the Pits of Slime
  8858 | Slime:6  | Noticed an acid blob
  8866 | Slime:6  | Killed an acid blob
  8878 | Slime:6  | Received a gift from Trog
  8898 | Slime:6  | Noticed an acid blob
  8913 | Slime:6  | Killed an acid blob
  8951 | Slime:6  | Gained mutation: Armour fits poorly on your strangely shaped body. [a shining eye]
  8961 | Slime:6  | Lost mutation: Your magical capacity is low (-10% MP). [potion of cure mutation]
  8961 | Slime:6  | Lost mutation: Armour fits poorly on your strangely shaped body. [potion of cure mutation]
  8961 | Slime:6  | Lost mutation: You have a pair of small antennae on your head. [potion of cure mutation]
  8961 | Slime:6  | Lost mutation: You are dopey. (Int -2) [potion of cure mutation]
  8961 | Slime:6  | Lost mutation: You have a somewhat thin skeletal structure (Dex +2, Stealth). [potion of cure mutation]
  8969 | Slime:6  | Found a viscous altar of Jiyva.
  8969 | Slime:6  | Noticed the royal jelly
  8971 | Slime:6  | Noticed an acid blob
  8974 | Slime:6  | Killed an acid blob
  8976 | Slime:6  | Noticed an acid blob
  8978 | Slime:6  | Noticed an acid blob
  8982 | Slime:6  | Noticed an acid blob
  8982 | Slime:6  | Noticed an acid blob
  8984 | Slime:6  | Noticed an acid blob
  8985 | Slime:6  | Killed an acid blob
  8991 | Slime:6  | Killed an acid blob
  8993 | Slime:6  | Killed an acid blob
  8993 | Slime:6  | Reached XP level 17. HP: 168/168 MP: 26/26
  8997 | Slime:6  | Killed an acid blob
  9001 | Slime:6  | Killed an acid blob
  9010 | Slime:6  | Demolished by an azure jelly

Vault maps used:
D:1:      kilobyte_arrival_exit_the_forest, minmay_misc_feat_five
D:2:      kennysheep_the_goblin_king, grunt_temple_overflow_holy_war,
          lemuel_coloured_pillars_altar, fedhas_altar_2, lemuel_round_altar
D:3:      overflow_temple_1_default, uniq_robin
D:4:      nemelex_deck, first_bread, uniq_crazy_yiuf_cottage
D:5:      lemuel_round_altar, nicolae_gozag_zags_fifth_avenue,
          nicolae_overflow_crystal_walls, basic_altar, serial_shops,
          nicolae_shop_stone, makhleb_blood_cavern_becter
D:6:      minmay_temple_entry_statues_pillars, uniq_duvessa, uniq_prince_ribbit1
D:8:      kennysheep_mini_moat, uniq_grum, uniq_psyche
D:9:      grunt_temple_overflow_order_and_chaos_1, dpeg_lair_monsters,
          david_orc_1_choice, minmay_misc_feat_square, minmay_statue_bubble
D:10:     basic_altar, hangedman_pestilent_swarm, st_stairs_14,
          minmay_misc_feat_ornament, fountainhead, small_statue_alley_a,
          hangedman_corner_corridor
Lair:2:   infiniplex_staircase_pool, grunt_megastairs_1
Lair:3:   elwin_shoals_entry_rocks, lab_entry_generic
Lair:5:   uniq_snorg
Lair:6:   spider_nest_entry_a
Lair:7:   slime_dummy, serial_bayou_pond_b, uniq_josephine
Lair:8:   evil_forest, wad_woods_road_03, lemuel_centaur_altar,
          infiniplex_staircase_pool_2
Shoals:1: nicolae_shoals_siren_and_animal_friends
Shoals:2: nicolae_shoals_isolated_beach
Shoals:4: shoals_end_simple, shoals_ilsuiw_alternative, lightli_airlock,
          uniq_aizul
Spider:1: uniq_agnes
Spider:3: uniq_azrael, uniq_arachne
Spider:4: guppyfry_spider_rune
Orc:1:    special_room, serial_shops,
          nicolae_shop_temple_entry_statues_fountains,
          okawaru_metal_pillars_1_2, uniq_gastronok, uniq_harold
Orc:2:    serial_shops, shop_fountains
Orc:3:    enter_bailey_3, nicolae_orc_pool_cavern
Orc:4:    pubby_orc_utopia
Elf:1:    serial_shops, nicolae_shop_window_shopping, minmay_elf_demonology,
          uniq_asterion
Lab:      labyrinth_skeletal_remains, nicolae_lab_grate_2, nicolae_lab_garden,
          nicolae_lab_starburst
Bailey:   bailey_polearm_1, bailey

Action                   |  1- 3 |  4- 6 |  7- 9 | 10-12 | 13-15 | 16-18 || total
-------------------------+-------+-------+-------+-------+-------+-------++-------
Melee: Hand axe          |    82 |    42 |    69 |       |       |       ||   193
       Broad axe         |       |       |   144 |     4 |       |       ||   148
       War axe           |       |       |       |   167 |       |       ||   167
       Battleaxe         |       |       |       |   427 |   812 |   357 ||  1596
Invok: Berserk           |     1 |     2 |     7 |    11 |    11 |     2 ||    34
       Trog's Hand       |       |     2 |    13 |    16 |    28 |     5 ||    64
       Brothers in Arms  |       |       |     1 |       |     4 |     3 ||     8
Evoke: Wand              |       |       |     1 |     7 |    11 |    13 ||    32
       Deck              |       |       |       |     1 |     2 |       ||     3
  Use: Scroll            |     2 |       |     8 |     4 |    25 |     1 ||    40
       Potion            |       |     5 |     1 |       |     5 |     4 ||    15
 Stab: Distracted        |       |       |     1 |       |       |       ||     1
       Confused          |       |       |       |       |     2 |       ||     2
       Invisible         |       |       |       |       |     8 |       ||     8
  Eat: Bread ration      |       |     1 |       |       |       |       ||     1
       Chunk             |       |       |     9 |    24 |    22 |     6 ||    61
       Fruit             |       |       |     1 |       |     5 |       ||     6
       Beef jerky        |       |       |     1 |       |     1 |       ||     2
       Meat ration       |       |       |       |     1 |       |       ||     1
       Royal jelly       |       |       |       |       |     2 |       ||     2
       Pizza             |       |       |       |       |     1 |       ||     1
